 Dungeon Crawl Stone Soup version 0.31-a0-83-gbff143cfd1 (webtiles) character file.

Game seed: 2277928964250055570

8526 Angani the Slicer (level 11, 0/88 (90) HPs)
             Began as a Vine Stalker Berserker on May 24, 2023.
             Was an Elder of Trog.
             Succumbed to an orange demon's poison
             ... on level 9 of the Dungeon.
             The game lasted 00:14:47 (8345 turns).

Angani the Slicer (Vine Stalker Berserker)          Turns: 8345, Time: 00:14:48

HP:   0/88 (90)     AC: 23    Str: 23    XL:     11   Next: 32%
MP:   16/30         EV: 12    Int:  7    God:    Trog [****..]
Gold: 486           SH:  0    Dex: 15    Spells: 10/10 levels left

rFire   . . .        l - +1 dagger (protect)
rCold   . . .        (no shield)
rNeg    . . .        p - +0 chain mail
rPois   .            r - +1 helmet
rElec   .            y - +2 cloak {Will+}
rCorr   .            (no gloves)
SInv    .            (no boots)
Will    ++...        G - amulet of regeneration Stlth
                     a - ring of magical power
HPRegen 1.94/turn    z - ring of magical power
MPRegen 0.22/turn

%: guardian spirit
@: berserking (expiring), lethally poisoned (0 -> -3), spiked, under a
protective aura, lightly drained, very quick
A: fangs 3, regeneration 1, magic shield, antimagic bite, no potion heal 2
a: Renounce Religion, Berserk, Trog's Hand, Brothers in Arms


You were on level 9 of the Dungeon.
You worshipped Trog.
Trog was greatly pleased with you.
You visited 1 branch of the dungeon, and saw 10 of its levels.

You collected 486 gold pieces.

Inventory:

Hand Weapons
 l - a +1 dagger of protection (weapon)
Armour
 p - a +0 chain mail (worn)
 r - a +1 helmet (worn)
 y - a +2 cloak of willpower (worn)
 D - the +1 cloak "Haaz Loc" {rElec rCorr Dex-3}
   (You found it on level 7 of the Dungeon)

   Dex:       It affects your dexterity (-3).
   rElec:     It insulates you from electricity.
   rCorr:     It protects you from acid and corrosion.
Jewellery
 a - a ring of magical power (left hand)
 t - a +6 ring of dexterity
 z - a ring of magical power (right hand)
 C - a ring of see invisible
 G - an amulet of regeneration (around neck)
Wands
 i - a wand of paralysis (19)
 j - a wand of roots (6)
 u - a wand of light (12)
 v - a wand of flame (6)
 A - a wand of polymorph (6)
 E - a wand of mindburst (6)
Scrolls
 c - 2 scrolls of magic mapping
 g - 2 scrolls of silence
 h - 3 scrolls of vulnerability
 n - a scroll of immolation
 o - 5 scrolls of teleportation
 q - a scroll of fear
 s - a scroll of torment
 F - 2 scrolls of enchant armour
 H - a scroll of blinking
Potions
 b - a potion of enlightenment
 d - 4 potions of curing
 e - a potion of berserk rage
 f - 5 potions of degeneration {unknown}
 k - 2 potions of lignification {unknown}
 m - 3 potions of haste {unknown}
 w - 2 potions of cancellation {unknown}
 x - a potion of mutation {unknown}
 B - a potion of heal wounds {unknown}


   Skills:
 + Level 8.4 Fighting
 + Level 8.5 Short Blades
 + Level 7.4 Armour
 + Level 7.5 Dodging


You had 10 spell levels left.
You didn't know any spells.
Your spell library was empty.

Dungeon Overview and Level Annotations

Branches:
Dungeon (10/15)            Temple (0/1) D:4
   Lair: D:8-11         Orc: D:9-12

Altars:
Ashenzari
Elyvilon
Fedhas
Kikubaaqudgha
Makhleb
Nemelex Xobeh
Qazlal
Trog
Vehumet
Wu Jian
Xom
Yredelemnul
Zin
The Shining One

Shops:
D:3 =   D:9 [**[

Annotations:
D:5 2 transporters, senseless's ghost, novice MiFi
D:8 3 runed translucent doors, MirrMurr's ghost, novice GnHu; MrClown's ghost, novice DsNe; ThereIsNoGod's ghost, novice OpFi
D:9 4 transporters, 2 runed translucent doors, pk666's ghost, journeyman DEFE


Innate Abilities, Weirdness & Mutations

You have razor-sharp teeth.
Your natural rate of healing is unusually fast.
When hurt, damage is shared between your health and your magic reserves.
Your bite disrupts and absorbs the magic of your enemies.
Potions cannot restore your health.


Message History

You climb upwards.
Level annotation: 4 transporters, 2 runed translucent doors, pk666's ghost, journeyman DEFE You feel a strong urge to attack something.
* * * LOW HITPOINT WARNING * * *
You feel very sick.
There is a stone staircase leading down here.
Unknown command.
Unknown command.
You closely miss the howler monkey.
* * * LOW HITPOINT WARNING * * *
You feel sick. The basilisk gazes at you. You resist with almost no effort.
The kobold hits you but does no damage. The howler monkey closely misses you.
Unknown command.
Unknown command.
You puncture the howler monkey! Your bite misses the howler monkey.
The howler monkey is moderately wounded.
* * * LOW HITPOINT WARNING * * *
You feel very sick.
Unknown command.
You puncture the howler monkey!
You kill the howler monkey!
Trog accepts your kill.
* * * LOW HITPOINT WARNING * * *
You feel sick.
The basilisk bites you but does no damage.
The kobold hits you but does no damage.
You hit the kobold.
You kill the kobold!
Trog accepts your kill.
* * * LOW HITPOINT WARNING * * *
You feel sick.
Unknown command.
Unknown command.
Unknown command.
Unknown command.
You puncture the basilisk!
The basilisk is moderately wounded.
You die...

#......#######©#©########..#
#......#### #8...8# #..#
#.........###.....# #..#
#.........>##.....# #..#
#..........##.....# #..#
#..........##.....# #..#
#................## #..#
#..............(.# #..#
#..............@.# #..#
#..<...........)l# #..#
#................# #..#
#................# #..#
#................# #..#
#................# #..#
#................# #..#
#................# #..#
#................# #..#####


You could see a basilisk.

Vanquished Creatures
  2 two-headed ogres
  Pikel (D:5)
  Joseph (D:8)
  An unseen horror zombie (D:9)
  A kobold demonologist (D:10)
  2 hornets
  10 yaks
  2 wyverns
  A steam dragon (D:7)
  Edmund (D:5)
  2 water moccasins
  2 ice beasts
  A black bear (D:5)
  An ogre (D:6)
  A sky beast (D:7)
  4 centaurs
  2 phantoms
  Blork the orc (D:6)
  2 kobold brigands
  3 bullfrogs
  4 scorpions
  9 wights
  5 killer bees (D:9)
  A jelly (D:6)
  8 howler monkeys
  A centaur zombie (D:9)
  4 orc priests
  4 hounds
  Crazy Yiuf (D:4)
  4 iguanas
  A sleepcap (D:7)
  Terence (D:3)
  5 orc wizards
  3 gnolls (D:4)
  11 adders
  A shadow imp (D:7)
  2 white imps (D:6)
  2 ufetubi
  5 worms
  A dart slug (D:5)
  24 orcs
  11 ball pythons
  6 endoplasms
  2 giant cockroaches
  4 goblins
  8 hobgoblins
  3 jackals (D:1)
  3 quokkas
  5 bats
  2 frilled lizards
  10 kobolds
  8 rats
200 creatures vanquished.

Notes
Turn   | Place    | Note
-------+----------+-------------------------------------------
     0 | D:1      | Angani the Vine Stalker Berserker began the quest for the
                  | Orb.
     0 | D:1      | Reached XP level 1. HP: 11/11 MP: 2/2
   144 | D:1      | Found a faded altar of an unknown god.
   351 | D:1      | Reached XP level 2. HP: 14/16 MP: 3/3
   515 | D:1      | Reached ** piety under Trog
   758 | D:2      | Reached XP level 3. HP: 16/20 MP: 4/4
  1284 | D:2      | Gained mutation: Your natural rate of healing is unusually
                  | fast. [Vine Stalker growth]
  1284 | D:2      | Reached XP level 4. HP: 13/24 MP: 3/5
  1702 | D:3      | Found Zevayh's Jewellery Emporium.
  1995 | D:3      | Noticed a centaur
  2008 | D:3      | Killed a centaur
  2009 | D:3      | Reached XP level 5. HP: 26/28 MP: 6/6
  2061 | D:3      | Noticed Terence
  2071 | D:3      | Killed Terence
  2285 | D:4      | Reached XP level 6. HP: 33/33 MP: 7/7
  2329 | D:4      | Reached *** piety under Trog
  2640 | D:4      | Reached XP level 7. HP: 26/37 MP: 8/8
  2760 | D:4      | Found a staircase to the Ecumenical Temple.
  2940 | D:4      | Found a radiant altar of Vehumet.
  3184 | D:4      | Found a broken altar of Ashenzari.
  3203 | D:4      | Found a runed translucent door.
  3204 | D:4      | Noticed Crazy Yiuf
  3257 | D:4      | Killed Crazy Yiuf
  3333 | D:5      | Entered Level 5 of the Dungeon
  3431 | D:5      | Found an ornate altar of the Wu Jian Council.
  3431 | D:5      | Noticed Pikel
  3457 | D:5      | Killed Pikel
  3458 | D:5      | Reached skill level 5 in Fighting
  3458 | D:5      | Reached skill level 5 in Short Blades
  3458 | D:5      | Gained mutation: You have razor-sharp teeth. [Vine Stalker
                  | growth]
  3458 | D:5      | Reached XP level 8. HP: 43/43 MP: 9/9
  3619 | D:5      | Noticed Edmund
  3644 | D:5      | Killed Edmund
  3726 | D:5      | Found a transporter.
  3729 | D:5      | Noticed senseless's ghost (novice MiFi)
  3730 | D:5      | Found a transporter.
  3820 | D:5      | Found a glowing silver altar of Zin.
  3820 | D:5      | Found a glowing golden altar of the Shining One.
  3820 | D:5      | Found a white marble altar of Elyvilon.
  3892 | D:5      | Reached XP level 9. HP: 48/48 MP: 10/10
  4111 | D:5      | Reached **** piety under Trog
  4127 | D:5      | Reached skill level 5 in Dodging
  4445 | D:6      | Reached skill level 5 in Armour
  5029 | D:6      | Noticed Blork the orc
  5039 | D:6      | Killed Blork the orc
  5154 | D:6      | Found a sparkling altar of Nemelex Xobeh.
  5155 | D:6      | Found a stormy altar of Qazlal.
  5297 | D:7      | Found a bloodstained altar of Trog.
  5354 | D:7      | Identified the +1 cloak "Haaz Loc" {rElec rCorr Dex-3}
  5844 | D:7      | Noticed a hornet
  5850 | D:7      | Killed a hornet
  5971 | D:7      | Reached XP level 10. HP: 44/53 MP: 11/11
  6531 | D:8      | Noticed Joseph
  6588 | D:8      | Killed Joseph
  6805 | D:8      | Found a runed translucent gate.
  6805 | D:8      | Found a runed translucent gate.
  6806 | D:8      | Found a runed translucent gate.
  6806 | D:8      | Noticed ThereIsNoGod's ghost (novice OpFi)
  6806 | D:8      | Noticed MrClown's ghost (novice DsNe)
  6808 | D:8      | Noticed MirrMurr's ghost (novice GnHu)
  6830 | D:8      | Found a burning altar of Makhleb.
  6837 | D:8      | Identified the +1 robe of Mezcal {Str+2}
  6873 | D:8      | Noticed a two-headed ogre
  6888 | D:8      | Killed a two-headed ogre
  7085 | D:8      | Found a shimmering altar of Xom.
  7157 | D:8      | Found a blossoming altar of Fedhas.
  7159 | D:8      | Found an ancient bone altar of Kikubaaqudgha.
  7286 | D:9      | Found a transporter.
  7320 | D:9      | Found a transporter.
  7335 | D:9      | Found Inoillor's General Store.
  7339 | D:9      | Found Rejaff's Antique Armour Emporium.
  7339 | D:9      | Found Olal's Armour Emporium.
  7340 | D:9      | Found Folualyf's Assorted Antiques.
  7406 | D:9      | Found a transporter.
  7493 | D:9      | Reached XP level 11. HP: 57/60 MP: 12/12
  7590 | D:9      | Found a transporter.
  7657 | D:9      | Found a large runed translucent door.
  7657 | D:9      | Found a large runed translucent door.
  7659 | D:9      | Noticed pk666's ghost (journeyman DEFE)
  7791 | D:9      | Found a basalt altar of Yredelemnul.
  8119 | D:10     | Entered Level 10 of the Dungeon
  8282 | D:10     | Noticed a two-headed ogre
  8303 | D:10     | Noticed a sixfirhy
  8331 | D:10     | Killed a two-headed ogre
  8342 | D:9      | HP: 3/88 [poisoned by an orange demon]
  8344 | D:9      | HP: 1/88 [poisoned by an orange demon]
  8345 | D:9      | Succumbed to an orange demon's poison

Illustrated notes

Levels and vault maps discovered:
D:1:      erik_arrival_orb_chamber, layout_loops_cross,
          ebering_ecumenical_altar_petrified, nicolae_figureground_pulse
D:2:      layout_basic
D:3:      layout_loops_ring, serial_shops, shop, nicolae_half_adder,
          uniq_terence
D:4:      layout_rooms, nicolae_overflow_hidden_temple, vehumet_altar_wand_db,
          minmay_temple_entry_trees, guppyfry_early_lair_pool,
          uniq_crazy_yiuf_cottage
D:5:      layout_basic, good_gods_mini_temple, nzn_wu_jian_contemplation,
          gammafunk_ghost_mausoleum, uniq_pikel, uniq_edmund
D:6:      layout_loops_corners, gammafunk_temple_overflow_pools, minivault_27,
          uniq_blork_the_orc
D:7:      layout_layer_cave, lemuel_round_altar
D:8:      layout_rooms, grunt_temple_overflow_growth_and_decay, bloody_makhleb,
          lemuel_coloured_pillars_altar, gammafunk_ghost_cemetery, uniq_joseph
D:9:      layout_long_grid, lemuel_zombie_altar_yredelemnul,
          ebering_ghost_disaster_area, minmay_shop_grid_forest,
          nicolae_transporter_intersection
D:10:     layout_cave_pools, disabler_island

Skill      XL: |  1  2  3  4  5  6  7  8  9 10 |
---------------+-------------------------------+-----
Fighting       | 3 4 5 6 8 |  8.4
Dodging        | 2 3 4 6 7 |  7.5
Short Blades   | 3 4 5 6 8 |  8.5
Armour         | 2 3 4 5 7 |  7.4

Action                     |  1- 3 |  4- 6 |  7- 9 | 10-12 || total
---------------------------+-------+-------+-------+-------++-------
  Melee: Short sword       |   112 |       |       |       ||   112
         Bite              |    32 |    61 |   161 |   134 ||   388
         Punch             |     1 |     4 |     9 |     2 ||    16
         Dagger            |    32 |   193 |   404 |   345 ||   974
 Invoke: Berserk           |       |       |     1 |     3 ||     4
  Evoke: Wand              |       |       |     4 |    16 ||    20
    Use: Scroll            |     1 |       |    14 |     3 ||    18
         Potion            |       |       |       |     1 ||     1
   Stab: Invisible         |       |       |     1 |     4 ||     5
 Armour: Ring mail         |    37 |       |       |       ||    37
         Scale mail        |     7 |    59 |       |       ||    66
         Chain mail        |       |    33 |   156 |   153 ||   342
  Dodge: Dodged            |    66 |   116 |   175 |   140 ||   497

Table legend: (Time is in decaauts)
 A = Elapsed time spent in this place.
 B = Non-inter-level travel time spent in this place.
 C = Inter-level travel time spent in this place.
 D = Time resting spent in this place.
 E = Time spent auto-exploring this place.
 F = Levels seen in this place.
 G = Mean time per level.
                   A        B        C        D        E       F      G
               +--------+--------+--------+--------+--------+-----+--------+
         Total |   8063 |   7689 |    374 |    170 |   5889 |  10 |  806.3 |
       Dungeon |   8063 |   7689 |    374 |    170 |   5889 |  10 |  806.3 |
               +--------+--------+--------+--------+--------+-----+--------+

Top non-repeatable levels by time:
     D:7: 1236 daAuts
     D:4: 1046 daAuts
     D:6: 1022 daAuts
     D:9: 995 daAuts
     D:5: 813 daAuts
     D:2: 752 daAuts
     D:3: 742 daAuts
     D:1: 734 daAuts
     D:8: 669 daAuts
    D:10: 50 daAuts
